 Dungeon Crawl Stone Soup version 0.29.1-15-g9cfb28693d (webtiles) character file.

Game seed: 16699400652524879525

1952 LustLizard the Grappler (level 8, -1/81 HPs)
             Began as a Troll Fighter on Mar 30, 2023.
             Was a Believer of Wu Jian.
             Slain by an orc warrior
             ... wielding a +0 halberd
              (16 damage)
             ... on level 6 of the Dungeon.
             The game lasted 00:09:03 (5609 turns).

LustLizard the Grappler (Troll Fighter)             Turns: 5609, Time: 00:09:04

Health: -1/81      AC:  4    Str: 25    XL:     8   Next: 99%
Magic:  7/7        EV:  8    Int: 12    God:    Wu Jian [**....]
Gold:   205        SH: 13    Dex:  9    Spells: 7/7 levels left

rFire   . . .      SeeInvis .     - Unarmed
rCold   . . .      Faith    .   b - +0 kite shield
rNeg    . . .      Spirit   .   a - +0 robe
rPois   .          Reflect  +   (helmet restricted)
rElec   .          Harm     .   (no cloak)
rCorr   .          Rampage  .   (gloves unavailable)
Will    .....                   (boots unavailable)
Stlth   +.........              G - amulet of reflection
HPRegen 1.03/turn               q - +6 ring of intelligence
MPRegen 0.10/turn               (no ring)

@: no status effects
A: large, unfitting armour, claws 3, regeneration 1, shaggy fur 1, tough skin 1
a: Renounce Religion, Wall Jump


You were on level 6 of the Dungeon.
You worshipped Wu Jian.
Wu Jian was pleased with you.
You visited 2 branches of the dungeon, and saw 7 of its levels.
You also visited: Sewer.

You collected 361 gold pieces.
You spent 156 gold pieces at shops.

Inventory:

Missiles
 v - 2 curare-tipped darts (quivered)
 w - 14 poisoned darts
Armour
 a - a +0 robe (worn)
 b - a +0 kite shield (worn)
Jewellery
 q - a +6 ring of intelligence (left claw)
 y - a ring of ice
 G - an amulet of reflection (around neck)
Wands
 E - a wand of iceblast (11)
Scrolls
 g - 3 scrolls of blinking
 i - 2 scrolls of summoning
 k - 2 scrolls of immolation {unknown}
 l - 2 scrolls of enchant armour {unknown}
 m - a scroll of silence {unknown}
 n - 4 scrolls of teleportation
 r - 2 scrolls of vulnerability {unknown}
 x - a scroll of acquirement {unknown}
 A - a scroll of magic mapping {unknown}
 D - 2 scrolls of fear {unknown}
 F - a scroll of brand weapon {unknown}
Potions
 c - 2 potions of might
 d - 4 potions of heal wounds
 e - 2 potions of haste
 f - 3 potions of curing
 h - 2 potions of attraction {unknown}
 j - 2 potions of invisibility {unknown}
 o - 4 potions of mutation
 p - a potion of lignification {unknown}
 s - a potion of ambrosia {unknown}
 t - a potion of cancellation {unknown}
 u - a potion of magic {unknown}
 z - a potion of degeneration {unknown}
 B - 2 potions of berserk rage {unknown}
 C - a potion of brilliance {unknown}


   Skills:
 + Level 5.4 Fighting
 - Level 2.4 Dodging
 + Level 5.9 Shields
 * Level 8.6 Unarmed Combat


You had 7 spell levels left.
You didn't know any spells.
Your spell library contained the following spells:

 Spells                   Type           Power      Damage    Failure   Level
 Magic Dart               Conj           0%         1d3       56%         1
 Searing Ray              Conj           0%         2d4       71%         2
 Dazzling Flash           Conj/Hex       0%         N/A       91%         3
 Fulminant Prism          Conj/Hex       0%         3d6       100%        4
 Agony                    Necr           0%         N/A       100%        5
 Silence                  Hex/Air        0%         N/A       100%        5


Dungeon Overview and Level Annotations

Branches:
Dungeon (6/15)             Temple (1/1) D:4           Sewer (visited)

Altars:
Ashenzari
Fedhas
Gozag
Hepliaklqana
Nemelex Xobeh
Qazlal
Sif Muna
Trog
Vehumet
Wu Jian
Yredelemnul
Zin
The Shining One

Shops:
D:1 [:?   D:5 :   D:6 *


Innate Abilities, Weirdness & Mutations

You are too large for most types of armour.
You have claws for hands.
Your natural rate of healing is unusually fast.
You are covered in fur. (AC +1)
You have tough skin. (AC +1)


Message History

You block the orc's attack.
You spin and attack the orc warrior.
You closely miss the orc warrior.
The orc warrior is moderately wounded.
You spin and attack the orc repeatedly.
You completely miss the orc.
The orc is moderately wounded.
You scratch the orc.
You kill the orc!
The Council accepts your kill. You block the orc warrior's attack.
You block the orc's attack.
Found a potion of curing.
You spin and attack the orc warrior.
You claw the orc warrior!
The orc warrior is severely wounded.
You spin and attack the orc.
You barely miss the orc.
The orc warrior hits you with a +0 halberd!
The orc hits you with a +0 trident.
Unknown command.
You barely miss the orc warrior.
The orc warrior is severely wounded.
The orc warrior barely misses you. The orc hits you with a +0 trident.
* * * LOW HITPOINT WARNING * * *
You scratch the orc warrior.
The orc warrior is almost dead.
The orc warrior hits you with a +0 halberd!
* * * LOW HITPOINT WARNING * * *
You block the orc's attack.
Unknown command.
You spin and attack the orc warrior.
You scratch the orc warrior but do no damage.
The orc warrior is almost dead.
You spin and attack the orc.
You claw the orc!
You kill the orc!
The Council accepts your kill. The orc warrior closely misses you.
You closely miss the orc warrior.
The orc warrior is almost dead.
The orc warrior barely misses you.
You barely miss the orc warrior.
The orc warrior is almost dead.
The orc warrior hits you with a +0 halberd!
You die...

................!..###
.....................#
.....................#
.....................#
.....................#
......>............#.# #
...............).....#.#
........................
........<......)@o......
.................)......
........................
........................
...................!....
........................
....... ................
....## ####......###..
..... ##..!..# .#


You could see an orc warrior.

Vanquished Creatures
  Prince Ribbit (D:6)
  Edmund (D:6)
  A black bear (D:5)
  2 ice beasts
  A phantom (D:4)
  3 kobold brigands (Sewer)
  A necrophage (D:6)
  A bullfrog (D:6)
  8 scorpions
  3 killer bees (D:5)
  2 hounds
  An orc priest (D:5)
  2 iguanas
  2 orc wizards (D:4)
  10 adders
  A river rat (Sewer)
  An ufetubus (D:5)
  2 worms
  19 orcs
  12 bats
  6 endoplasms
  7 goblins
  A hobgoblin (D:1)
  7 quokkas
  8 ball pythons
  15 frilled lizards
  10 kobolds
  5 rats
133 creatures vanquished.

Vanquished Creatures (others)
  2 fungi (D:5)
  8 plants
10 creatures vanquished.

Grand Total: 143 creatures vanquished

Notes
Turn   | Place    | Note
-------+----------+-------------------------------------------
     0 | D:1      | LustLizard the Troll Fighter began the quest for the Orb.
     0 | D:1      | Reached XP level 1. HP: 22/22 MP: 0/0
   302 | D:1      | Found Erropimn's Antique Armour Boutique.
   328 | D:1      | Found Teucs's Book Boutique.
   541 | D:1      | Found Pihugoy's Magic Scroll Shop.
   549 | D:1      | Bought a scroll of teleportation for 42 gold pieces
   633 | D:1      | Reached XP level 2. HP: 29/29 MP: 1/1
  1085 | D:2      | Reached XP level 3. HP: 15/36 MP: 2/2
  1100 | D:2      | Reached skill level 3 in Unarmed Combat
  1486 | D:3      | Found a faded altar of an unknown god.
  1688 | D:3      | Found a glowing drain.
  1711 | Sewer    | Entered a sewer
  1747 | Sewer    | Reached XP level 4. HP: 38/44 MP: 3/3
  1977 | Sewer    | Noticed a kobold brigand
  1977 | Sewer    | Noticed a kobold brigand
  1977 | Sewer    | Noticed a kobold brigand
  2327 | Sewer    | Killed a kobold brigand
  2328 | Sewer    | Reached skill level 4 in Unarmed Combat
  2328 | Sewer    | Reached XP level 5. HP: 37/53 MP: 4/4
  2400 | Sewer    | Reached XP level 6. HP: 60/61 MP: 5/5
  2877 | D:3      | Reached skill level 5 in Unarmed Combat
  3289 | D:4      | Found a staircase to the Ecumenical Temple.
  3295 | Temple   | Entered the Ecumenical Temple
  3412 | Temple   | Became a worshipper of the Wu Jian Council
  3913 | D:4      | Reached XP level 7. HP: 55/68 MP: 6/6
  4055 | D:4      | Found a basalt altar of Yredelemnul.
  4055 | D:4      | Found a stormy altar of Qazlal.
  4056 | D:4      | Found a glowing silver altar of Zin.
  4058 | D:4      | Found a hazy altar of Hepliaklqana.
  4059 | D:4      | Found a blossoming altar of Fedhas.
  4213 | D:4      | Reached * piety under Wu Jian
  4349 | D:5      | Entered Level 5 of the Dungeon
  4349 | D:5      | Found Omikk's Self-Improvement Boutique.
  4372 | D:5      | Reached skill level 6 in Unarmed Combat
  5019 | D:5      | Reached skill level 5 in Shields
  5019 | D:5      | Reached skill level 7 in Unarmed Combat
  5019 | D:5      | Reached XP level 8. HP: 71/79 MP: 7/7
  5361 | D:6      | Noticed Edmund
  5374 | D:6      | Killed Edmund
  5375 | D:6      | Reached skill level 5 in Fighting
  5375 | D:6      | Found Julupyce's General Store.
  5383 | D:6      | Bought a scroll of summoning for 114 gold pieces
  5388 | D:6      | Reached ** piety under Wu Jian
  5389 | D:6      | Reached skill level 8 in Unarmed Combat
  5467 | D:6      | Noticed Prince Ribbit
  5475 | D:6      | Killed Prince Ribbit
  5609 | D:6      | Slain by an orc warrior

Illustrated notes

Levels and vault maps discovered:
D:1:      evilmike_arrival_crescent, layout_loops_corners, serial_shops, shop,
          nicolae_shop_window_shopping, shop
D:2:      layout_basic
D:3:      layout_loops_corners, chequers_ecumenical_altar_island,
          cheibrodos_sewer_entry_bend, minmay_misc_feat_square
D:4:      layout_basic, grunt_temple_overflow_open, temple_statues,
          corexii_item_surrounded_by_moat, grunt_decor_junction,
          minmay_lizard_king
D:5:      old_forge, layout_loops_cross, nicolae_shop_self_help
D:6:      layout_basic, serial_shops, shop_fountains, chequers_garden,
          minmay_parallelograms, uniq_edmund, uniq_prince_ribbit1
Temple:   minmay_temple_forest_path

Skill      XL: |  1  2  3  4  5  6  7  8 |
---------------+-------------------------+-----
Shields        | 3 4 5 |  5.9
Unarmed Combat | 3 4 5 7 8 |  8.6
Fighting       | 3 4 5 |  5.4
Dodging        | |  2.4

Action                   |  1- 3 |  4- 6 |  7- 9 || total
-------------------------+-------+-------+-------++-------
Melee: Unarmed           |   117 |   137 |   196 ||   450
Invok: Lunge             |       |     2 |    13 ||    15
       Whirlwind         |       |       |     7 ||     7
  Use: Scroll            |       |     2 |     4 ||     6
 Stab: Held in net/web   |       |       |     1 ||     1
Armor: Robe              |    46 |    35 |    53 ||   134
Dodge: Dodged            |    43 |    34 |    53 ||   130
Block: Kite shield       |    38 |    28 |   122 ||   188
